 Dungeon Crawl Stone Soup version 0.30-a0-591-g3c58d2bc28 (webtiles) character file.

Game seed: 6378415393688097608

19371 Gazorpazorpfield the Thaumaturge (level 13, -22/80 HPs)
             Began as a Djinni Fire Elementalist on Jan 5, 2023.
             Killed from afar by a frost giant (70 damage)
             ... with a bolt of cold
             ... in an ice cave on Jan 6, 2023.
             The game lasted 00:47:44 (13281 turns).

Gazorpazorpfield the Thaumaturge (DjFE)            Turns: 13281, Time: 00:47:45

Health: -22/80     AC: 12    Str:  9    XL:     13   Next: 4%
Gold:   747        EV: 15    Int: 20    God:
                   SH:  0    Dex: 14

rFire   + + .      SeeInvis .    e - staff of conjuration
rCold   x . .      Faith    .    (no shield)
rNeg    . . .      Spirit   .    a - +0 robe
rPois   ∞          Reflect  .    (no helmet)
rElec   .          Harm     .    u - +0 cloak
rCorr   .          Rampage  .    y - +0 pair of gloves
Will    +....                    (boots unavailable)
Stlth   +++                      (no amulet)
HPRegen 0.33/turn                o - +4 ring of protection
MPRegen 0.00/turn                r - +4 ring of protection

@: flying
A: sickness immunity, fire resistance 2, cold vulnerability 1, float, innate
caster, HP casting, extra vitality 1
a: no special abilities


You were in an ice cave.
You visited 3 branches of the dungeon, and saw 12 of its levels.
You also visited: Bailey and Ice Cave.

You collected 747 gold pieces.

Inventory:

Hand Weapons
 I - a +2 dagger of venom
 K - a +4 triple sword of holy wrath
Missiles
 s - 2 throwing nets
Armour
 a - a +0 robe (worn)
 u - a +0 cloak (worn)
 y - a +0 pair of gloves (worn)
 P - a +2 kite shield of cold resistance
Magical Staves
 e - a staff of conjuration (weapon)
 k - a staff of air
 M - a staff of death
Jewellery
 o - a +4 ring of protection (left hand)
 r - a +4 ring of protection (right hand)
 H - a ring of fire
Wands
 G - a wand of flame (28)
 L - a wand of paralysis (7)
 O - a wand of mindburst (3)
Scrolls
 c - 4 scrolls of enchant armour
 d - 5 scrolls of teleportation
 h - 2 scrolls of immolation {unknown}
 l - 4 scrolls of enchant weapon
 p - a scroll of fog {unknown}
 q - a scroll of torment {unknown}
 t - 3 scrolls of silence
 v - 5 scrolls of amnesia
 w - 2 scrolls of magic mapping {unknown}
 z - 2 scrolls of brand weapon {unknown}
 B - 2 scrolls of vulnerability {unknown}
 C - a scroll of summoning
 D - 2 scrolls of blinking {unknown}
 N - a scroll of fear {unknown}
Potions
 b - 2 potions of magic
 f - a potion of haste
 g - 2 potions of heal wounds
 i - 3 potions of attraction
 j - 3 potions of lignification
 m - a potion of mutation
 n - a potion of cancellation {unknown}
 x - a potion of might {unknown}
 A - a potion of brilliance {unknown}
 E - 6 potions of curing {unknown}
 F - 2 potions of degeneration {unknown}
 J - a potion of experience
 Q - a potion of invisibility {unknown}


   Skills:
 + Level 2.7 Fighting
 + Level 7.2 Dodging
 + Level 4.6 Stealth
 + Level 14.6 Spellcasting


You had 9 spell levels left.
You knew the following spells:

 Your Spells              Type           Power      Damage    Failure   Level
a - Foxfire               Conj/Fire      100%       2x1d9     0%          1
b - Scorch                Fire           100%       2d10      0%          2
c - Kindle Blastsparks    Fire/Tloc/Air  100%       2d18      1%          3
d - Inner Flame           Hex/Fire       65%        N/A       1%          3
e - Flame Wave            Conj/Fire      83%        2d18      1%          4
f - Beastly Appendage     Tmut           100%       N/A       0%          1
g - Wereblood             Tmut           65%        N/A       0%          2
h - Blink                 Tloc           100%       N/A       0%          2
i - Olgreb's Toxic Radia  Pois           65%        N/A       1%          4
j - Freezing Cloud        Conj/Ice/Air   41%        6-21      1%          5
k - Metabolic Englaciati  Hex/Ice        32%        N/A       1%          5
Your spell library was empty.

Dungeon Overview and Level Annotations

Branches:
Dungeon (10/15)            Temple (1/1) D:5            Lair (1/5) D:8
    Orc (0/2) D:10         Bailey (visited)           IceCv (1/1)

Altars:
Ashenzari
Cheibriados
Dithmenos
Elyvilon
Fedhas
Gozag
Hepliaklqana
Makhleb
Nemelex Xobeh
Okawaru
Qazlal
Ru
Trog
Uskayaw
Wu Jian
Xom
Yredelemnul
Zin
The Shining One

Shops:
D:6 **

Annotations:
D:3 3 runed translucent doors, omnomnOMINOUS's ghost, amateur OpWn
D:6 Maggie IceCv exclusion: ice statue


Innate Abilities, Weirdness & Mutations

You are immune to sickness and miasma.
You are immune to poison.
Your flesh is very heat resistant. (rF++)
You are vulnerable to cold. (rC-)
You float through the air rather than walking.
You learn spells naturally, not from books.
Your magical power is your life essence.
You have superior vitality. (+4 MHP)


Message History

The flame wave engulfs the yak!
You kill the yak!
The flame wave engulfs the polar bear!
The polar bear is severely wounded.
The flame wave engulfs the polar bear!
The polar bear is severely wounded.
You finish channelling waves of flame.
The frost giant looks as sick as possible!
The polar bear looks as sick as possible! x2
The death yak closely misses you.
The polar bear goes berserk!
Casting: Flame Wave (safe; 1% risk of failure)
Confirm with . or Enter, or press ? or * to list all spells.
Casting: Flame Wave (safe; 1% risk of failure)
Press: ? - help, Dir - look around, f - activate You feel a surge of power!
A wave of flame ripples out!
The flame wave engulfs the death yak!!
The death yak is burned terribly!
You kill the death yak! (Press . to intensify the flame waves.)
The frost giant looks as sick as possible!
The polar bear looks as sick as possible! x3
You kill the polar bear!
You have reached level 13!
The power to cast Metabolic Englaciation wells up from within.
Spell assigned to 'k'.
A wave of flame ripples out!
The flame wave engulfs the polar bear!
You kill the polar bear!
The frost giant looks as sick as possible!
The polar bear looks as sick as possible!
Your toxic aura wanes.
A wave of flame ripples out!
The flame wave engulfs the frost giant.
The frost giant is moderately wounded.
The flame wave engulfs the polar bear!
You kill the polar bear!
The flame wave engulfs the polar bear!
You kill the polar bear!
You finish channelling waves of flame.
The frost giant gestures at you while chanting.
The bolt of cold hits you!!!
You feel a terrible chill!
Ouch! That really hurt!
You die...

##..#
....
...#
...
††##
C†#
#†#
##@#
#.##
#.##
#..#
##.#
##.#
###.##
##.#.#
#....#


You could see a frost giant (extremely poisoned).

Vanquished Creatures
  6 death yaks
  An elephant (D:8)
  Joseph (D:10)
  A troll (D:9)
  13 polar bears
  Prince Ribbit (D:7)
  A vampire (D:9)
  A shadow (D:10)
  A wyvern (D:9)
  29 yaks
  2 basilisks (D:8)
  3 steam dragons
  An unseen horror simulacrum (D:9)
  3 water moccasins
  Duvessa (D:7)
  2 black bears (D:5)
  A sky beast (D:7)
  6 ice beasts
  13 orc warriors
  An ogre (D:5)
  19 wolves
  13 centaurs
  2 kobold brigands (D:8)
  3 bullfrogs
  A necrophage (D:7)
  2 scorpions
  3 wights (D:8)
  Dowan (D:7)
  5 killer bees (D:8)
  An electric eel (D:9)
  5 howler monkeys (D:9)
  3 hounds
  4 jellies
  2 gnoll boudas
  2 iguanas
  4 orc priests
  5 orc wizards
  Natasha (twice) (D:2)
  7 adders
  12 gnolls
  A shadow imp (D:6)
  2 white imps (D:9)
  3 ufetubi (D:9)
  2 worms
  2 dart slugs
  49 orcs
  6 bats
  6 endoplasms
  2 giant cockroaches (D:1)
  6 goblins
  5 hobgoblins
  3 jackals (D:2)
  3 quokkas
  8 ball pythons
  17 kobolds
  2 rats
301 creatures vanquished.

Vanquished Creatures (collateral kills)
  2 foxfires (D:10)
2 creatures vanquished.

Vanquished Creatures (others)
  743 foxfires
  A fungus (D:8)
  2 plants (D:4)
746 creatures vanquished.

Grand Total: 1049 creatures vanquished

Notes
Turn   | Place    | Note
-------+----------+-------------------------------------------
     0 | D:1      | Gazorpazorpfield the Djinni Fire Elementalist began the
                  | quest for the Orb.
     0 | D:1      | Gazorpazorpfield set off with the following spells
                  | memorised: Foxfire, Scorch, Kindle Blastsparks, Inner
                  | Flame, Flame Wave.
     0 | D:1      | Reached XP level 1. HP: 15/15 MP: 0/0
    72 | D:1      | Reached XP level 2. HP: 19/21 MP: 0/0
   555 | D:1      | Reached skill level 3 in Spellcasting
   608 | D:1      | Reached XP level 3. HP: 23/25 MP: 0/0
   608 | D:1      | Learned a level 1 spell: Beastly Appendage
  1136 | D:1      | Reached XP level 4. HP: 8/31 MP: 0/0
  1249 | D:2      | Reached skill level 4 in Spellcasting
  1249 | D:2      | Reached XP level 5. HP: 15/35 MP: 0/0
  1249 | D:2      | Learned a level 2 spell: Wereblood
  1373 | D:2      | Got the Folio of Collective Alteration
  1672 | D:2      | Found a faded altar of an unknown god.
  1729 | D:2      | Noticed Natasha
  1735 | D:2      | Killed Natasha
  1748 | D:2      | Noticed Natasha
  1754 | D:2      | Killed Natasha
  2071 | D:3      | Reached XP level 6. HP: 37/40 MP: 0/0
  2231 | D:3      | Found a runed translucent gate.
  2232 | D:3      | Found a runed translucent gate.
  2232 | D:3      | Noticed omnomnOMINOUS's ghost (amateur OpWn)
  2233 | D:3      | Found a runed translucent gate.
  2896 | D:4      | Found a glowing silver altar of Zin.
  3023 | D:4      | Reached skill level 5 in Spellcasting
  3172 | D:4      | Reached XP level 7. HP: 39/46 MP: 0/0
  3172 | D:4      | Learned a level 2 spell: Blink
  3264 | D:4      | Found an iron altar of Okawaru.
  4114 | D:5      | Entered Level 5 of the Dungeon
  4135 | D:5      | Reached skill level 1 in Fighting
  4135 | D:5      | Reached skill level 6 in Spellcasting
  4179 | D:5      | Found a staircase to the Ecumenical Temple.
  4180 | D:5      | Noticed a water moccasin
  4191 | D:5      | Killed a water moccasin
  4192 | D:5      | Reached XP level 8. HP: 49/52 MP: 0/0
  4206 | Temple   | Entered the Ecumenical Temple
  4747 | D:6      | Reached skill level 7 in Spellcasting
  4868 | D:5      | Reached XP level 9. HP: 36/58 MP: 0/0
  4868 | D:5      | Learned a level 4 spell: Olgreb's Toxic Radiance
  5158 | D:6      | Noticed Maggie
  5181 | D:6      | Found Bep Seet's Specific Store.
  5185 | D:6      | Found Viur's General Store.
  5647 | D:7      | Reached skill level 8 in Spellcasting
  5887 | D:7      | Noticed Duvessa
  5887 | D:7      | Noticed Dowan
  5897 | D:7      | Killed Duvessa
  5901 | D:7      | Killed Dowan
  6227 | D:7      | Found a sacrificial altar of Ru.
  6278 | D:7      | Noticed Prince Ribbit
  6283 | D:7      | Killed Prince Ribbit
  6284 | D:7      | Reached skill level 5 in Dodging
  6807 | D:8      | Found a blossoming altar of Fedhas.
  6811 | D:8      | Found a burning altar of Makhleb.
  6813 | D:8      | Found a stormy altar of Qazlal.
  7041 | D:8      | Reached skill level 9 in Spellcasting
  7041 | D:8      | Reached XP level 10. HP: 53/64 MP: 0/0
  7246 | D:8      | Noticed an elephant
  7354 | D:8      | Killed an elephant
  7356 | D:8      | Noticed a death yak
  7487 | D:8      | Found a staircase to the Lair.
  7787 | D:8      | Killed a death yak
  7788 | D:8      | Reached skill level 10 in Spellcasting
  8120 | D:9      | Found a flagged portal.
  8129 | Bailey   | Entered a bailey
  8499 | Bailey   | Reached XP level 11. HP: 58/68 MP: 0/0
  8499 | Bailey   | Learned a level 5 spell: Freezing Cloud
  8503 | Bailey   | Reached skill level 11 in Spellcasting
  9763 | D:8      | Reached skill level 12 in Spellcasting
 10541 | D:10     | Entered Level 10 of the Dungeon
 10668 | D:10     | Noticed Joseph
 10691 | D:10     | Killed Joseph
 10862 | D:10     | Found a staircase to the Orcish Mines.
 10930 | D:10     | Found a bloodstained altar of Trog.
 10998 | D:10     | Reached XP level 12. HP: 48/75 MP: 0/0
 11419 | D:10     | Reached skill level 13 in Spellcasting
 11574 | Lair:1   | Entered Level 1 of the Lair of Beasts
 11661 | Lair:1   | Found a frozen archway.
 11670 | IceCv    | Entered an ice cave
 11687 | IceCv    | HP: 1/76 [polar bear (4)]
 11888 | IceCv    | Noticed a death yak
 11888 | IceCv    | Noticed a death yak
 11906 | IceCv    | Killed a death yak
 11907 | IceCv    | Noticed a death yak
 11918 | IceCv    | Killed a death yak
 11919 | IceCv    | Killed a death yak
 12421 | IceCv    | Reached skill level 14 in Spellcasting
 12690 | IceCv    | Noticed a death yak
 12701 | IceCv    | Killed a death yak
 13019 | IceCv    | HP: 1/76 [ice statue/shard of ice (30)]
 13272 | IceCv    | Noticed a frost giant
 13272 | IceCv    | Noticed a death yak
 13279 | IceCv    | Killed a death yak
 13280 | IceCv    | Reached XP level 13. HP: 49/80 MP: 0/0
 13280 | IceCv    | Learned a level 5 spell: Metabolic Englaciation
 13281 | IceCv    | Killed from afar by a frost giant

Illustrated notes

Levels and vault maps discovered:
D:1:      heliophobic_arrival_glass_houses, layout_basic
D:2:      layout_basic, basic_altar, shapermc_ecumenical_altar_totnotflames,
          uniq_natasha
D:3:      cheibrodos_helix_gallery, layout_basic, gammafunk_ghost_split,
          minmay_fractal_squares_diagonal_5
D:4:      layout_gridville, okawaru_metal_pillars_1_2,
          mainiacjoe_overflow_alcove_2, serial_bayou_pond_d, st_stairs_7
D:5:      layout_basic, minmay_temple_entry_slanted
D:6:      layout_basic, nicolae_specific_store, uniq_maggie
D:7:      layout_basic, nicolae_ru_path_of_blood, serial_corexii_hall,
          corexii_hall_statues_i, corexii_hall_statues_s, uniq_prince_ribbit1,
          uniq_duvessa
D:8:      layout_cave_pods, nicolae_overflow_hidden_temple,
          chequers_temple_overflow_statue_of_worship, david_lair_generic
D:9:      layout_roguey, enter_bailey_8, serial_ice, serial_ice_e, serial_ice_a,
          serial_ice_m, serial_ice_d, serial_ice_h, serial_ice_i
D:10:     layout_rooms, trog_ov_bears_minmay, uniq_joseph
Temple:   nicolae_temple_god_jail
Lair:1:   layout_big_grid, portal_ice_cave_entry_pillars_1, grunt_megastairs_4
IceCv:    ice_cave_caverns_03

Skill      XL: |  1  2  3  4  5  6  7  8  9 10 11 12 |
---------------+-------------------------------------+-----
Spellcasting   | 3 4 5 6 7 9 10 12 14 | 14.6
Stealth        | 2 3 4 |  4.6
Dodging        | 3 4 5 6 7 |  7.2
Fighting       | 1 2 |  2.7

Action                   |  1- 3 |  4- 6 |  7- 9 | 10-12 | 13-15 || total
-------------------------+-------+-------+-------+-------+-------++-------
Melee: Dagger            |     2 |       |     1 |       |       ||     3
       Staff             |       |       |       |     2 |       ||     2
 Cast: Foxfire           |    52 |    75 |   123 |   199 |       ||   449
       Kindle Blastspark |       |     1 |       |     1 |       ||     2
       Scorch            |       |    17 |    49 |   108 |       ||   174
       Blink             |       |       |    11 |     2 |       ||    13
       Flame Wave        |       |       |     4 |    23 |       ||    27
       Olgreb's Toxic Ra |       |       |     2 |    56 |       ||    58
       Freezing Cloud    |       |       |       |     1 |       ||     1
  Use: Scroll            |       |     3 |     8 |     2 |       ||    13
       Potion            |       |       |       |     1 |       ||     1
Armor: Robe              |     5 |    13 |    45 |    64 |       ||   127
Dodge: Dodged            |    31 |    27 |    58 |   129 |       ||   245

Table legend: (Time is in decaauts)
 A = Elapsed time spent in this place.
 B = Non-inter-level travel time spent in this place.
 C = Inter-level travel time spent in this place.
 D = Time resting spent in this place.
 E = Time spent auto-exploring this place.
 F = Levels seen in this place.
 G = Mean time per level.
                   A        B        C        D        E       F      G
               +--------+--------+--------+--------+--------+-----+--------+
         Total |  13285 |  12929 |    356 |   2506 |   8017 |  14 |  948.9 |
       Dungeon |  10311 |   9955 |    356 |   1032 |   7078 |  10 | 1031.1 |
        Temple |     73 |     73 |      0 |      0 |     29 |   1 |   73.0 |
          Lair |     95 |     95 |      0 |      0 |     73 |   1 |   95.0 |
        Bailey |   1194 |   1194 |      0 |    398 |    546 |   1 | 1194.0 |
      Ice Cave |   1610 |   1610 |      0 |   1076 |    291 |   1 | 1610.0 |
               +--------+--------+--------+--------+--------+-----+--------+

Top non-repeatable levels by time:
   IceCv: 1610 daAuts
     D:8: 1551 daAuts
     D:9: 1517 daAuts
  Bailey: 1194 daAuts
     D:4: 1180 daAuts
     D:1: 1029 daAuts
     D:3: 1008 daAuts
     D:7: 914 daAuts
     D:2: 896 daAuts
    D:10: 811 daAuts
     D:6: 745 daAuts
     D:5: 655 daAuts
  Lair:1: 95 daAuts
  Temple: 73 daAuts
